 Dungeon Crawl Stone Soup version 0.27.1-3-gb3d3a73c9e (webtiles) character file.

Game seed: 14902143879970064007

14 styxcanada the Sneak (level 2, 0/14 HPs)
             Began as a Spriggan Brigand on Oct 27, 2021.
             Frozen to death by an endoplasm (2 damage)
             ... on level 1 of the Dungeon.
             The game lasted 00:00:47 (127 turns).

styxcanada the Sneak (Spriggan Brigand)              Turns: 127, Time: 00:00:48

Health: 0/14       AC:  3    Str:  7    XL:     2   Next: 27%
Magic:  3/3        EV: 13    Int: 12    God:
Gold:   0          SH:  0    Dex: 16    Spells: 1/1 levels left

rFire    . . .     SeeInvis +   a - +2 dagger
rCold    . . .     Faith    .   (shield restricted)
rNeg     . . .     Spirit   .   b - +0 robe
rPois    .         Reflect  .   (helmet restricted)
rElec    .         Harm     .   c - +0 cloak
rCorr    .         Rampage  .   (gloves unavailable)
Will     .....                  (boots unavailable)
Stlth    +++.......             (no amulet)
HPRegen  0.04/turn              (no ring)
MPRegen  0.08/turn              (no ring)

@: constricted, very quick
A: very small, no large weapons, unfitting armour, see invisible, speed 3
a: no special abilities


You were on level 1 of the Dungeon.
You visited 1 branch of the dungeon, and saw 1 of its levels.

Inventory:

Hand Weapons
 a - a +2 dagger (weapon)
Missiles
 d - 8 poisoned darts (quivered)
 e - 2 curare-tipped darts
 g - 17 sling bullets
Armour
 b - a +0 robe (worn)
 c - a +0 cloak (worn)
Scrolls
 h - a scroll of fog {unknown}
 i - a scroll of silence {unknown}
Potions
 f - 3 potions of curing {unknown}


   Skills:
 * Level 1.6 Fighting
 + Level 2.2 Short Blades
 + Level 2.0 Throwing
 * Level 1.7 Dodging
 * Level 6.6 Stealth


You had one spell level left.
You didn't know any spells.
Your spell library was empty.

Dungeon Overview and Level Annotations

Branches:
Dungeon (1/15)

Altars:


Innate Abilities, Weirdness & Mutations

You are very small and have problems with some larger weapons.
You are too small for most types of armour.
You have supernaturally acute eyesight. (SInv)
You cover ground extremely quickly. (Speed+++)


Message History

The kobold misses you.
The kobold hits you with a +0 short sword.
Things that are here:
a +0 dagger; 3 stones; a kobold corpse You closely miss the kobold.
The kobold hits you with a +0 short sword.
You hit the kobold.
You kill the kobold!
You see here a +0 short sword.
i - a scroll labelled USTRUI GEOJ You start resting.
A goblin comes into view. It is wielding a +0 club.
The goblin shouts!
You hear an angry hiss.
An endoplasm comes into view.
A ball python comes into view.
A goblin comes into view. It is wielding a +0 dagger.
Found 18 stones.
The goblin misses you.
You miss the goblin.
The goblin shouts!
The endoplasm quivers.
You hit the goblin but do no damage. The goblin closely misses you.
The endoplasm misses you.
You hit the goblin.
The goblin is heavily wounded.
The goblin misses you. The ball python barely misses you.
The ball python grabs you. The ball python constricts you.
The endoplasm freezes you.
You are frozen.
You hit the goblin.
You kill the goblin!
The ball python barely misses you. The ball python constricts you.
The endoplasm freezes you.
You are frozen.
* * * LOW HITPOINT WARNING * * *
The ball python's grasp on you weakens, but your attempt to escape fails.
The ball python closely misses you. The ball python constricts you.
* * * LOW HITPOINT WARNING * * *
The endoplasm freezes you.
You are frozen.
You die...

#............†...
+............†...
#................
#........).).....
#..........).....
#.........#######
#######.........#
#.................
#....)@...........#
#....gSJ.#####....#
#........# #....#
#.......... ......
#...........
#####.........
#.(.......
#.........


You could see an endoplasm, a goblin and a ball python.

Vanquished Creatures
  An endoplasm (D:1)
  3 kobolds (D:1)
  A quokka (D:1)
  2 ball pythons (D:1)
  4 goblins (D:1)
  2 rats (D:1)
13 creatures vanquished.

Notes
Turn   | Place    | Note
-------+----------+-------------------------------------------
     0 | D:1      | styxcanada the Spriggan Brigand began the quest for the
                  | Orb.
     0 | D:1      | Reached XP level 1. HP: 10/10 MP: 2/2
    27 | D:1      | Reached skill level 6 in Stealth
    73 | D:1      | Reached XP level 2. HP: 10/14 MP: 3/3
   127 | D:1      | Frozen to death by an endoplasm

Illustrated notes

Levels and vault maps discovered:
D:1:      minmay_arrival_five_plusses, layout_basic

Skill      XL: |  1 |
---------------+----+-----
Stealth        | 6 |  6.6
Fighting       | |  1.6
Short Blades   | |  2.2
Throwing       | |  2.0
Dodging        | |  1.7

Action                   || total
-------------------------++-------
Melee: Dagger            ||    27
 Stab: Sleeping          ||     3
Armor: Robe              ||     2
Dodge: Dodged            ||    23
